 Dungeon Crawl Stone Soup version 0.27-a0-328-g7f782ed93a (webtiles) character file.

Game seed: 15766268171366511639

28 CurlyBrace the Caller (level 3, -1/16 HPs)
             Began as a Felid Summoner on Feb 11, 2021.
             Killed by divine providence
             ... invoked by an orc priest
              (13 damage)
             ... on level 9 of the Dungeon.
             The game lasted 00:03:32 (378 turns).

CurlyBrace the Caller (Felid Summoner)               Turns: 378, Time: 00:03:33

Health: -1/16      AC:  1    Str:  5    XL:     3   Next: 0%
Magic:  7/7        EV: 18    Int: 16    God:
Gold:   35         SH:  0    Dex: 16    Spells: 5/6 levels left
                                        Lives:  0   Deaths: 0

rFire    . . .     SeeInvis +     - Unarmed
rCold    . . .     Faith    .   (shield unavailable)
rNeg     . . .     Spirit   .   (armour unavailable)
rPois    .         Reflect  .   (helmet unavailable)
rElec    .         Harm     .   (cloak unavailable)
rCorr    .         Rampage  .   (gloves unavailable)
Will     .....                  (boots unavailable)
Stlth    +++.......             (no amulet)
HPRegen  0.05/turn              (no ring)
MPRegen  0.10/turn              (no ring)

@: quick
A: very small, no armour, no weapons or thrown items, stealth, claws 1, fangs 3,
see invisible, speed 1, shaggy fur 1, sharp paws
a: no special abilities


You were on level 9 of the Dungeon.
You visited 1 branch of the dungeon, and saw 10 of its levels.

You collected 35 gold pieces.

Inventory:

Jewellery
 b - an amulet of the acrobat {unknown}
   (You found it on level 9 of the Dungeon)
Scrolls
 a - a scroll of teleportation {unknown}


   Skills:
 * Level 1.7 Fighting
 - Level 3.0 Dodging
 - Level 3.0 Stealth
 * Level 1.3 Unarmed Combat
 - Level 2.0 Spellcasting
 - Level 4.0 Summonings


You had 5 spell levels left.
You knew the following spells:

 Your Spells              Type           Power        Failure   Level
a - Summon Small Mammal   Summ           56%          4%          1

Your spell library contained the following spells:

 Spells                   Type           Power        Failure   Level
 Call Imp                 Summ           14%          6%          2
 Call Canine Familiar     Summ           14%          12%         3
 Summon Guardian Golem    Hex/Summ       8%           26%         3
 Summon Ice Beast         Ice/Summ       8%           65%         4
 Summon Lightning Spire   Summ/Air       8%           65%         4


Dungeon Overview and Level Annotations

Branches:
Dungeon (10/15)
 Temple: D:4-7         Lair: D:8-11         Orc: D:9-12

Altars:
Elyvilon

Annotations:
D:6 exclusion: downstairs


Innate Abilities, Weirdness & Mutations

You cannot wear armour.
You are incapable of wielding weapons or throwing items.
Your paws allow you to move quietly. (Stealth)
You have sharp claws.
You have razor-sharp teeth.
You have supernaturally acute eyesight. (SInv)
You cover ground quickly.
You are covered in fur. (AC +1)
Your sharp claws are effective at attacking unaware monsters.


Message History

Found 16 gold pieces.
An orc comes into view. It is wielding a +0 hand axe.
Found 19 gold pieces.
Found 24 gold pieces.
A quokka comes into view.
Found a stone staircase leading up.
Found a stone staircase leading down.
Found a stone staircase leading down.
There is a stone staircase leading up here.
You climb upwards.
You hear the roar of battle.
There is an entrance to a bailey on this level.
Hurry and find it before the portal closes forever!
The troll shouts!
Found an escape hatch in the floor.
There is a stone staircase leading down here.
An orc comes into view.
Found a blackened bone amulet.
You see here a blackened bone amulet.
b - a blackened bone amulet An orc comes into view.
It is wielding a +0 whip.
A water moccasin skeleton comes into view.
A wyvern comes into view.
The orc shouts!
The wyvern hisses angrily.
You hear a shout!
An orc comes into view. It is wielding a +0 whip.
The water moccasin skeleton bites you.
The water moccasin skeleton barely misses you.
An orc comes into view.
The wyvern hisses menacingly.
The water moccasin skeleton closely misses you.
An orc priest comes into view. It is wielding a +0 hand axe.
An orc comes into view. It is wielding a +0 mace.
An orc priest comes into view.
It is wielding a +0 hand axe. 2 orcs and an orc wizard come into view.
An orc is wielding a +2 flail of holy wrath.
An orc comes into view.
It is wielding a +0 whip and wearing a +2 leather armour of fire resistance.
The orc shouts!
The orc priest calls down the wrath of Beogh upon you.
Beogh smites you!
Ouch! That really hurt!
You die...

#....##.##.#
#..#.##.##.#
##.#.#o##...
#.o..## #.
####o#.######.
#....#........ ..
#....Z..#####.## ..
#....o.o........ ..
##@###.########.##.
#.# #... ##...#.
#.# ##### ##.>#...
#.# .#.....#. #.#
.......>. #o#
##....##.


ooo ....#.##. #.# #........ #........ You could see 2 orc priests, an orc wizard
(asleep), 5 orcs and a water moccasin skeleton.

Vanquished Creatures
  A giant cockroach (D:2)
  A hobgoblin (D:3)
  A quokka zombie (D:7)
  A rat (D:2)
4 creatures vanquished.

Vanquished Creatures (collateral kills)
  A hound (D:7)
  An adder zombie (D:5)
2 creatures vanquished.

Grand Total: 6 creatures vanquished

Notes
Turn   | Place    | Note
-------+----------+-------------------------------------------
     0 | D:1      | CurlyBrace the Felid Summoner began the quest for the Orb.
     0 | D:1      | Reached XP level 1. HP: 7/7 MP: 4/4
    16 | D:1      | You fall into a shaft and drop 1 floor!
    80 | D:5      | Entered Level 5 of the Dungeon
    89 | D:7      | Found a white marble altar of Elyvilon.
    89 | D:7      | Noticed a water moccasin
   137 | D:6      | Noticed a bullfrog
   138 | D:6      | Noticed an ogre
   189 | D:7      | Noticed a hound
   200 | D:7      | Killed a hound
   201 | D:7      | Reached skill level 1 in Fighting
   201 | D:7      | Reached skill level 1 in Unarmed Combat
   201 | D:7      | Reached XP level 2. HP: 5/13 MP: 1/6
   201 | D:7      | Reached XP level 3. HP: 6/16 MP: 1/7
   227 | D:7      | Noticed a bullfrog
   287 | D:8      | You fall into a shaft and drop 2 floors!
   287 | D:10     | Entered Level 10 of the Dungeon
   289 | D:10     | Noticed an ogre
   321 | D:9      | Noticed a troll
   361 | D:9      | Noticed a wyvern
   378 | D:9      | Killed from afar by an orc priest

Illustrated notes

Levels and vault maps discovered:
D:1:      ncdulo_smallfort, layout_loops_cross, patterned_corridor
D:2:      layout_rooms, bloody_trog, st_stairs_2
D:3:      kennysheep_big_flooded_room, layout_loops_ring,
          ebering_ghost_disaster_area
D:4:      layout_basic, temple_hall, serial_shops, nicolae_shop_crystal,
          kennysheep_cross_room, led_xom_imps, uniq_edmund
D:5:      layout_rooms, basic_altar, minmay_quadrilaterals
D:6:      corexii_shack_village, layout_rooms, gup_sewer_entry_bowl,
          nicolae_gozag_zags_fifth_avenue
D:7:      layout_loops_cross, basic_altar, st_stairs_1, minmay_misc_feat_roman
D:8:      layout_basic
D:9:      layout_loops_ring, enter_bailey_4, gammafunk_ghost_smash
D:10:     layout_cave_pools, basic_altar, ebering_ghost_disaster_area,
          bloody_makhleb

Skill      XL: |  1 |
---------------+----+-----
Fighting       | 1 |  1.7
Dodging        | 3 |  3.0
Stealth        | 3 |  3.0
Unarmed Combat | 1 |  1.3
Spellcasting   | |  2.0
Summonings     | |  4.0

Action                   || total
-------------------------++-------
Melee: Unarmed           ||    13
 Cast: Summon Small Mamm ||    14
  Use: Scroll            ||     1
       Potion            ||     1
 Stab: Sleeping          ||     5
Armor: Skin              ||     1
Dodge: Dodged            ||     6

Table legend: (Time is in decaauts)
 A = Elapsed time spent in this place.
 B = Non-inter-level travel time spent in this place.
 C = Inter-level travel time spent in this place.
 D = Time resting spent in this place.
 E = Time spent auto-exploring this place.
 F = Levels seen in this place.
 G = Mean time per level.
                   A        B        C        D        E       F      G
               +--------+--------+--------+--------+--------+-----+--------+
         Total |    318 |    318 |      0 |      0 |      0 |  10 |   31.8 |
       Dungeon |    318 |    318 |      0 |      0 |      0 |  10 |   31.8 |
               +--------+--------+--------+--------+--------+-----+--------+

Top non-repeatable levels by time:
     D:7: 87 daAuts
     D:9: 45 daAuts
     D:6: 39 daAuts
     D:5: 33 daAuts
    D:10: 27 daAuts
     D:3: 26 daAuts
     D:4: 18 daAuts
     D:8: 17 daAuts
     D:1: 13 daAuts
     D:2: 10 daAuts
